 Dungeon Crawl Stone Soup version 0.29.0-4-gdea44cf6ec (webtiles) character file.

Game seed: 4801512484513790823

58 qw the Chopper (level 4, -3/26 HPs)
             Began as a Tengu Warper on Aug 28, 2022.
             Slain by an ogre
             ... wielding a +0 giant spiked club
              (10 damage)
             ... on level 2 of the Dungeon.
             The game lasted 00:00:13 (2243 turns).

qw the Chopper (Tengu Warper)                       Turns: 2243, Time: 00:00:13

Health: -3/26      AC:  3    Str: 13    XL:     4   Next: 2%
Magic:  8/8        EV: 12    Int: 13    God:
Gold:   62         SH:  0    Dex: 14    Spells: 7/7 levels left

rFire   . . .      SeeInvis .   Y - +0 hand axe
rCold   . . .      Faith    .   (no shield)
rNeg    . . .      Spirit   .   b - +0 leather armour
rPois   .          Reflect  .   (helmet restricted)
rElec   .          Harm     .   (no cloak)
rCorr   .          Rampage  .   (no gloves)
Will    .....                   (boots unavailable)
Stlth   +.........              (no amulet)
HPRegen 0.08/turn               (no ring)
MPRegen 0.11/turn               (no ring)

@: no status effects
A: beak, talons 3
a: no special abilities


You were on level 2 of the Dungeon.
You visited 1 branch of the dungeon, and saw 2 of its levels.

You collected 62 gold pieces.


Innate Abilities, Weirdness & Mutations

You have a beak for a mouth.
You have claws for feet.


   Skills:
 - Level 2.0 Fighting
 + Level 4.6 Axes
 - Level 1.0 Throwing
 - Level 1.1 Armour
 - Level 2.1 Dodging
 - Level 2.0 Spellcasting
 - Level 2.4 Translocations


You had 7 spell levels left.
You didn't know any spells.
Your spell library contained the following spells:

 Spells                   Type           Power      Damage    Failure   Level
 Blink                    Tloc           14%        N/A       19%         2
 Gell's Gravitas          Tloc           7%         N/A       36%         3
 Lesser Beckoning         Tloc           7%         N/A       36%         3
 Teleport Other           Tloc           7%         N/A       36%         3
 Manifold Assault         Tloc           7%         N/A       98%         5

Inventory:

Hand Weapons
 d - a +4 whip
 Y - a +0 hand axe (weapon)
Armour
 b - a +0 leather armour (worn)
 e - a +0 chain mail
Scrolls
 a - a scroll of identify
 h - a scroll of butterflies {unknown}
Potions
 c - a potion of magic {unknown}
 f - a potion of curing {unknown}
 g - a potion of mutation {unknown}
 j - a potion of invisibility {unknown}

Dungeon Overview and Level Annotations

Branches:
Dungeon (2/15)

Altars:


Message History

You slash the frilled lizard!
You kill the frilled lizard!
You start resting.
HP restored.
f - an amethyst potion
h - a scroll labelled BIHOOF REMISMAVOVY
Things that are here:
a stone; a hobgoblin corpse A quokka comes into view.
You barely miss the quokka. Your peck misses the quokka.
The quokka closely misses you.
You hit the quokka.
You kill the quokka!
You have reached level 4!
You feel agile.
You see here a quokka corpse.
A frilled lizard comes into view.
The frilled lizard hisses angrily.
You hit the frilled lizard.
You kill the frilled lizard!
A rat comes into view.
2220 ||| Stepping ~*~*~tactically~*~*~ (stealth).
You hit the rat.
You kill the rat!
An ogre comes into view. It is wielding a +0 giant spiked club.
2235 ||| Stepping ~*~*~tactically~*~*~ (stealth).
The ogre shouts!
You hear a shout!
You hit the ogre but do no damage. You peck the ogre.
The ogre is lightly wounded.
The ogre hits you with a +0 giant spiked club!!
Ouch! That really hurt!
You hit the ogre. You claw the ogre!
The ogre is heavily wounded.
You slash the ogre! You claw the ogre, but do no damage.
Your peck misses the ogre.
The ogre is severely wounded.
The ogre barely misses you.
You hit the ogre.
The ogre is almost dead.
The ogre hits you with a +0 giant spiked club!
You die...

.# #....#...# ##.....#
#..###.... .#
#....#...# ###...#
#......... .#
#...##..## ####.#
#~~~~~.~~~
.###.####..# ####....#
#~~~~~~~~~
...g......####.......#
#~~~~~~~~~
)........###.........#
#~~~~~~~~~
.......####..........#
#~~~~#.~.. ....####
#..####.###.#
#~~~##.##. .####
#..##..@# #.# #~~###.#
. ...### #.g.#..O.#
#.# .....## #...#....#
.# ......# #........#
.###..##....###### .#
#...#....#
..##...#....###
...............
##########.####


You could see an ogre.

Vanquished Creatures
  An adder (D:2)
  A ball python (D:2)
  5 endoplasms
  5 goblins
  6 hobgoblins
  4 jackals (D:2)
  3 kobolds
  5 quokkas
  4 bats
  6 frilled lizards
  4 rats
44 creatures vanquished.

Notes
Turn   | Place    | Note
-------+----------+-------------------------------------------
     0 | D:1      | qw the Tengu Warper began the quest for the Orb.
     0 | D:1      | Reached XP level 1. HP: 12/12 MP: 4/4
     0 | D:1      | 0 ||| qw: Version: 0.1-a-89-g26bdef1
     0 | D:1      | 0 ||| qw: Game counter: 2808
     0 | D:1      | 0 ||| qw: Always use a shield: true
     0 | D:1      | 0 ||| qw: God list: Okawaru
     0 | D:1      | 0 ||| qw: Allow faded altars: false
     0 | D:1      | 0 ||| qw: Do Orc after D:15 true
     0 | D:1      | 0 ||| qw: Do second Lair branch before Depths: true
     0 | D:1      | 0 ||| qw: Lair rune preference: random
     0 | D:1      | 0 ||| qw: Plans: Normal
     0 | D:1      | 0 ||| PLANNING D:1-11
   121 | D:1      | 121 ||| Stepping ~*~*~tactically~*~*~ (stealth).
   122 | D:1      | 122 ||| Stepping ~*~*~tactically~*~*~ (stealth).
   128 | D:1      | Reached skill level 3 in Axes
   128 | D:1      | Reached XP level 2. HP: 14/17 MP: 6/6
   625 | D:1      | Found a faded altar of an unknown god.
   990 | D:1      | 990 ||| READING scroll labelled DIMOKHL UJAKK.
   991 | D:1      | 991 ||| READING scroll labelled POMNOUD MEG.
  1092 | D:1      | 1092 ||| READING scroll labelled SEURRA NUACW.
  1093 | D:1      | 1093 ||| READING scroll labelled CIREIW GADU.
  1097 | D:1      | 1097 ||| DROPPING scroll of blinking.
  1113 | D:2      | 1113 ||| STAIRDANCE
  1191 | D:2      | Reached XP level 3. HP: 21/21 MP: 7/7
  1241 | D:2      | Reached skill level 4 in Axes
  1250 | D:2      | 1250 ||| Stepping ~*~*~tactically~*~*~ (hiding).
  1352 | D:2      | 1352 ||| Stepping ~*~*~tactically~*~*~ (hiding).
  1476 | D:2      | 1476 ||| DROPPING +0 club.
  1524 | D:2      | 1524 ||| FLEEEEING.
  1525 | D:2      | 1525 ||| FLEEEEING.
  1532 | D:2      | 1532 ||| FLEEEEING.
  1533 | D:2      | 1533 ||| FLEEEEING.
  1534 | D:2      | 1534 ||| FLEEEEING.
  1538 | D:2      | 1538 ||| FLEEEEING.
  1539 | D:2      | 1539 ||| FLEEEEING.
  1540 | D:2      | 1540 ||| FLEEEEING.
  1541 | D:2      | 1541 ||| FLEEEEING.
  1544 | D:2      | 1544 ||| FLEEEEING.
  1545 | D:2      | 1545 ||| FLEEEEING.
  1546 | D:2      | 1546 ||| FLEEEEING.
  1547 | D:2      | 1547 ||| STAIRDANCE
  1632 | D:2      | 1632 ||| Stepping ~*~*~tactically~*~*~ (stealth).
  1634 | D:2      | 1634 ||| Stepping ~*~*~tactically~*~*~ (stealth).
  1635 | D:2      | 1635 ||| Stepping ~*~*~tactically~*~*~ (stealth).
  1636 | D:2      | 1636 ||| Stepping ~*~*~tactically~*~*~ (stealth).
  1637 | D:2      | 1637 ||| Stepping ~*~*~tactically~*~*~ (stealth).
  1639 | D:2      | 1639 ||| Stepping ~*~*~tactically~*~*~ (stealth).
  1643 | D:2      | 1643 ||| Stepping ~*~*~tactically~*~*~ (stealth).
  2092 | D:2      | 2092 ||| FLEEEEING.
  2098 | D:2      | 2098 ||| FLEEEEING.
  2099 | D:2      | 2099 ||| FLEEEEING.
  2106 | D:2      | 2106 ||| FLEEEEING.
  2107 | D:2      | 2107 ||| FLEEEEING.
  2108 | D:2      | 2108 ||| FLEEEEING.
  2109 | D:2      | 2109 ||| FLEEEEING.
  2110 | D:2      | 2110 ||| FLEEEEING.
  2197 | D:2      | Reached XP level 4. HP: 26/26 MP: 8/8
  2220 | D:2      | 2220 ||| Stepping ~*~*~tactically~*~*~ (stealth).
  2234 | D:2      | Noticed an ogre
  2235 | D:2      | 2235 ||| Stepping ~*~*~tactically~*~*~ (stealth).
  2243 | D:2      | Slain by an ogre

Levels and vault maps discovered:
D:1:      minmay_arrival_checkered_box, layout_basic,
          hellmonk_ecumenical_altar_run_dry, interstate_on_off
D:2:      minmay_recursive_quarters, layout_loops_ring,
          chequers_serial_rivers_large_a

Skill      XL: |  1  2  3 |
---------------+----------+-----
Axes           | 3 4 |  4.6
Fighting       | |  2.0
Throwing       | |  1.0
Armour         | |  1.1
Dodging        | |  2.1
Spellcasting   | |  2.0
Translocations | |  2.4

Action                   |  1- 3 |  4- 6 || total
-------------------------+-------+-------++-------
Melee: Hand axe          |   100 |     6 ||   106
       Kick              |    13 |     2 ||    15
       Peck              |    14 |     1 ||    15
       Punch             |     1 |       ||     1
Throw: Boomerang         |     7 |       ||     7
  Use: Scroll            |     4 |       ||     4
Armor: Leather armour    |    26 |       ||    26
Dodge: Dodged            |    52 |     1 ||    53

Table legend:
 A = Non-vault XP
 B = Vault XP
 C = Vault XP percentage of total XP
 D = Non-vault monster count
 E = Vault monster count
 F = Vault count percentage of total count
                 A         B        C        D         E       F
            +---------+---------+-------+---------+---------+-------
      Total |      72 |      12 |  14.3 |      37 |       7 |  15.9
            +---------+---------+-------+---------+---------+-------
        D:1 |      29 |       0 |   0.0 |      17 |       0 |   0.0
        D:2 |      43 |      12 |  21.8 |      20 |       7 |  25.9
            +---------+---------+-------+---------+---------+-------
